 Dungeon Crawl Stone Soup version 0.28-a0-983-g1de4e0787c (webtiles) character file.

Game seed: 4425375133809899183

19911 ytrimaz the Cleaver (level 13, -11/104 HPs)
             Began as a Formicid Fighter on Dec 2, 2021.
             Was a High Priest of Okawaru.
             Mangled by an anaconda simulacrum (26 damage)
             ... in an ice cave.
             The game lasted 00:14:38 (10929 turns).

ytrimaz the Cleaver (Formicid Fighter)             Turns: 10929, Time: 00:14:38

Health: -11/104    AC: 28    Str: 24    XL:     13   Next: 8%
Magic:  20/21      EV: 10    Int: 10    God:    Okawaru [*****.]
Gold:   1759       SH:  7    Dex: 12    Spells: 12/12 levels left

rFire   . . .      SeeInvis +   a - +1 war axe (protect)
rCold   . . .      Faith    .   c - +0 buckler
rNeg    . . .      Spirit   .   f - +1 plate armour
rPois   .          Reflect  .   (helmet unavailable)
rElec   .          Harm     .   (no cloak)
rCorr   .          Rampage  .   (no gloves)
Will    +....                   j - +2 pair of boots
Stlth   ..........              i - amulet of regeneration
HPRegen 1.07/turn               z - +4 ring of evasion
MPRegen 0.17/turn               (no ring)

@: heroic, under a protective aura, constricted
A: permanent stasis, dig shafts and tunnels, antennae 3, four strong arms, agile
1, high mp 1
a: Dig, Renounce Religion, Heroism, Finesse, Duel


You were in an ice cave.
You worshipped Okawaru.
Okawaru was extremely pleased with you.
You visited 2 branches of the dungeon, and saw 14 of its levels.
You also visited: Ice Cave.

You collected 1759 gold pieces.

Inventory:

Hand Weapons
 a - a +1 war axe of protection (weapon)
 b - a +0 battleaxe
Missiles
 h - 2 throwing nets
 v - 15 boomerangs (quivered)
 w - 2 javelins
Armour
 c - a +0 buckler (worn)
 f - a +1 plate armour (worn)
 j - a +2 pair of boots (worn)
 k - a +0 tower shield
 t - a +0 kite shield
Jewellery
 i - an amulet of regeneration (around neck)
 m - a ring of magical power
 o - an amulet of the acrobat
 z - a +4 ring of evasion (left hand)
Wands
 g - a wand of mindburst (15)
 s - a wand of acid (11)
 y - a wand of paralysis (5)
Scrolls
 l - 2 scrolls of immolation
 n - 5 scrolls of identify
 p - 5 scrolls of amnesia
 r - 3 scrolls of enchant armour
 A - 2 scrolls of silence
 C - 2 scrolls of fear
Potions
 d - 3 potions of might
 e - 2 potions of lignification
 q - 5 potions of curing
 u - 2 potions of attraction
 x - a potion of brilliance
 B - 2 potions of resistance
 D - 2 potions of heal wounds


   Skills:
 * Level 10.6(15.6) Fighting
 + Level 12.9(17.9) Axes
 * Level 10.7(15.7) Armour
 * Level 9.2(14.2) Shields
 * Level 8.7 Invocations


You had 12 spell levels left.
You didn't know any spells.
Your spell library contained the following spells:

 Spells                   Type           Power      Damage    Failure   Level
 Sting                    Tmut/Pois      0%         1d3       96%         1
 Passwall                 Tmut/Erth      0%         N/A       99%         2
 Poisonous Vapours        Pois/Air       0%         N/A       99%         2
 Scorch                   Fire           0%         2d5       99%         2
 Static Discharge         Conj/Air       0%         N/A       99%         2
 Flame Wave               Conj/Fire      0%         2d4       100%        4
 Fulminant Prism          Conj/Hex       0%         3d6       100%        4
 Hailstorm                Conj/Ice       0%         3d3       100%        4
 Ice Form                 Ice/Tmut       0%         N/A       100%        4
 Iskenderun's Mystic Bla  Conj/Tloc      0%         2d3       100%        4
 Olgreb's Toxic Radiance  Pois           0%         N/A       100%        4
 Lee's Rapid Deconstruct  Erth           0%         3d5*      100%        5
 Lightning Bolt           Conj/Air       0%         1d11      100%        5
 Maxwell's Capacitive Co  Air            0%         ∞         100%        8
 Swiftness                Air            Unusable   N/A       N/A         3
 Simulacrum               Ice/Necr       Unusable   N/A       N/A         6
 Summon Cactus Giant      Summ           Unusable   N/A       N/A         6

Dungeon Overview and Level Annotations

Branches:
Dungeon (13/15)            Temple (1/1) D:6            Lair (0/6) D:8
    Orc (0/2) D:9           IceCv (1/1)
 Vaults: D:13-14

Altars:
Ashenzari
Cheibriados
Dithmenos
Elyvilon
Fedhas
Gozag
Hepliaklqana
Kikubaaqudgha
Makhleb
Nemelex Xobeh
Okawaru
Qazlal
Ru
Sif Muna
Trog
Uskayaw
Vehumet
Wu Jian
Xom
Yredelemnul
Zin
The Shining One

Shops:
D:1 !

Portals:
Abyss: D:6

Annotations:
D:6 2 transporters
D:9 exclusion: door
D:12 2 transporters, ders's ghost, journeyman GrEE IceCv 1 transporter


Innate Abilities, Weirdness & Mutations

You cannot be hasted, slowed, berserked, paralysed or teleported.
You can dig through walls and to a lower floor.
You have a pair of large antennae on your head. (SInv)
Your four strong arms can wield two-handed weapons with a shield.
You are agile. (Dex +2)
You have an increased reservoir of magic. (+10% MP)


Message History

You block the cane toad simulacrum's attack.
You slash the white ugly thing!
The white ugly thing is heavily wounded.
You barely miss the anaconda simulacrum.
You barely miss the cane toad simulacrum.
You slash the polar bear simulacrum!
The anaconda simulacrum bites you but does no damage.
The anaconda simulacrum constricts you.
The white ugly thing tentacle-slaps you.
The white ugly thing freezes you!!
The cane toad simulacrum hits you but does no damage.
You block the polar bear simulacrum's attack.
The polar bear simulacrum claws you but does no damage.
The polar bear simulacrum barely misses you.
You slash the white ugly thing!
The white ugly thing is severely wounded.
You hit the polar bear simulacrum.
The polar bear simulacrum vaporises!
Okawaru accepts your kill.
You slash the cane toad simulacrum!
You barely miss the anaconda simulacrum.
The anaconda simulacrum bites you. The anaconda simulacrum freezes you!
* * * LOW HITPOINT WARNING * * *
The anaconda simulacrum constricts you.
The white ugly thing tentacle-slaps you but does no damage.
The cane toad simulacrum closely misses you.
You hit the white ugly thing.
The white ugly thing is severely wounded.
You closely miss the anaconda simulacrum.
You slash the cane toad simulacrum!
The cane toad simulacrum vaporises!
Okawaru accepts your kill.
You slash the elephant simulacrum!
The anaconda simulacrum bites you but does no damage.
The anaconda simulacrum constricts you.
* * * LOW HITPOINT WARNING * * *
The anaconda simulacrum bites you.
* * * LOW HITPOINT WARNING * * *
The anaconda simulacrum freezes you!!
You die...

#######
##.....##
##...∩...##
##.........##
#.....∩.....#
#....Z@☼....#
#....°uZ....#
#.............#
#....8...8....#
#......?......#
##....!!(....##
#...$.©./...#
##...8©8...##


You could see a white ugly thing, an anaconda simulacrum and an elephant
simulacrum.

Vanquished Creatures
  A boulder beetle (D:9)
  2 naga warriors (D:9)
  A centaur warrior (D:13)
  6 two-headed ogres
  Pikel (D:7)
  2 cyclopes
  An ugly thing (D:11)
  2 manticores
  3 gargoyles
  Maggie (D:7)
  3 kobold demonologists (D:12)
  3 unseen horrors
  2 tengu conjurers (D:13)
  A komodo dragon (D:8)
  2 trolls
  A vampire (D:12)
  A shadow (D:12)
  6 yaks
  A wraith (D:11)
  A wyvern (D:8)
  Eustachio (D:4)
  3 vampire mosquitoes (D:12)
  3 water moccasins
  2 acid dragons
  Duvessa (D:5)
  2 sky beasts
  3 ice beasts
  8 orc warriors
  A hornet zombie (D:6)
  3 black bears
  9 centaurs
  A necrophage (D:4)
  4 ogres
  2 lemures (D:7)
  A phantom (D:4)
  4 kobold brigands
  4 bullfrogs
  3 gnoll sergeants
  3 scorpions
  A cane toad simulacrum (IceCv)
  A wyvern zombie (D:6)
  A water moccasin zombie (D:5)
  A wyvern skeleton (D:6)
  Dowan (D:5)
  3 killer bees (D:11)
  3 wights
  2 howler monkeys (D:9)
  A bullfrog zombie (D:6)
  2 hounds
  A centaur zombie (D:5)
  2 bullfrog skeletons
  2 orc priests (D:9)
  13 orc wizards
  Natasha (thrice) (D:2)
  A polar bear simulacrum (IceCv)
  A killer bee zombie (D:7)
  A wolf simulacrum (IceCv)
  A hound skeleton (D:4)
  4 howler monkey zombies
  5 adders
  7 gnolls
  12 white imps (D:13)
  2 dart slugs
  33 orcs
  A bat zombie (D:12)
  8 endoplasms
  6 giant cockroaches
  6 goblins
  5 hobgoblins
  4 jackals (D:2)
  24 kobolds
  3 quokkas
  7 ball pythons
  5 bats
  4 frilled lizards
  4 rats
  3 rat zombies (D:12)
283 creatures vanquished.

Vanquished Creatures (others)
  40 fungi (D:8)
  30 plants
70 creatures vanquished.

Grand Total: 353 creatures vanquished

Notes
Turn   | Place    | Note
-------+----------+-------------------------------------------
     0 | D:1      | ytrimaz the Formicid Fighter began the quest for the Orb.
     0 | D:1      | Reached XP level 1. HP: 18/18 MP: 1/1
    69 | D:1      | Reached XP level 2. HP: 20/24 MP: 2/2
   187 | D:1      | Reached XP level 3. HP: 27/29 MP: 3/3
   341 | D:1      | Found Nybbaxo's Distillery.
   351 | D:1      | Found a faded altar of an unknown god.
  1018 | D:1      | Reached XP level 4. HP: 37/37 MP: 4/4
  1491 | D:2      | Noticed Natasha
  1501 | D:2      | Killed Natasha
  1502 | D:2      | Reached skill level 3 in Axes
  1788 | D:2      | Noticed Natasha
  1795 | D:2      | Killed Natasha
  1796 | D:2      | Reached XP level 5. HP: 32/42 MP: 5/5
  1983 | D:2      | Noticed Natasha
  1992 | D:2      | Killed Natasha
  2527 | D:3      | Reached XP level 6. HP: 48/48 MP: 6/6
  2785 | D:4      | Reached skill level 4 in Axes
  2895 | D:4      | Noticed a necrophage
  2909 | D:4      | Killed a necrophage
  2910 | D:4      | Reached skill level 5 in Armour
  2910 | D:4      | Reached XP level 7. HP: 50/55 MP: 7/7
  2963 | D:4      | Found an ornate altar of the Wu Jian Council.
  3033 | D:4      | Gained mutation: You have an increased reservoir of magic.
                  | (+10% MP) [potion of mutation]
  3033 | D:4      | Gained mutation: You are agile. (Dex +2) [potion of
                  | mutation]
  3041 | D:4      | Reached skill level 5 in Axes
  3477 | D:4      | Noticed Eustachio
  3517 | D:4      | Killed Eustachio
  3600 | D:4      | Identified the +2 ring mail of Lyrphebea {Harm rF+ Dex+2}
  3640 | D:5      | Entered Level 5 of the Dungeon
  3725 | D:5      | Reached skill level 6 in Axes
  3725 | D:5      | Reached XP level 8. HP: 59/61 MP: 8/8
  3729 | D:5      | Reached skill level 5 in Fighting
  3951 | D:5      | Noticed Duvessa
  3967 | D:5      | Killed Duvessa
  3967 | D:5      | Noticed Dowan
  3968 | D:5      | Reached skill level 7 in Axes
  3968 | D:5      | Reached skill level 5 in Shields
  3980 | D:5      | Killed Dowan
  4898 | D:6      | Found a staircase to the Ecumenical Temple.
  4911 | Temple   | Entered the Ecumenical Temple
  5144 | Temple   | Became a worshipper of Warmaster Okawaru
  5277 | D:6      | Reached skill level 1 in Invocations
  5277 | D:6      | Reached XP level 9. HP: 65/69 MP: 10/10
  5306 | D:6      | Reached skill level 8 in Axes
  5368 | D:6      | Reached * piety under Okawaru
  5433 | D:6      | Found a transporter.
  5433 | D:6      | Found a one-way gate to the infinite horrors of the Abyss.
  5452 | D:6      | Noticed a raiju
  5469 | D:6      | Found a transporter.
  5770 | D:7      | Reached skill level 9 in Axes
  5860 | D:7      | Reached ** piety under Okawaru
  5863 | D:7      | Noticed Pikel
  5879 | D:7      | Killed Pikel
  5880 | D:7      | Reached XP level 10. HP: 69/77 MP: 12/14
  6127 | D:7      | Noticed Maggie
  6147 | D:7      | Killed Maggie
  6148 | D:7      | Reached skill level 10 in Axes
  6148 | D:7      | Reached skill level 5 in Invocations
  6470 | D:8      | Noticed a two-headed ogre
  6482 | D:8      | Killed a two-headed ogre
  6663 | D:8      | Reached *** piety under Okawaru
  6760 | D:8      | Noticed a komodo dragon
  6815 | D:8      | Killed a komodo dragon
  6816 | D:8      | Reached XP level 11. HP: 86/86 MP: 16/16
  6847 | D:8      | Found a staircase to the Lair.
  7220 | D:9      | Identified the +0 chain mail "Quem" {Stlth+}
  7360 | D:9      | Found a staircase to the Orcish Mines.
  7398 | D:9      | Reached **** piety under Okawaru
  7413 | D:9      | Reached skill level 11 in Axes
  7663 | D:9      | Found a large runed translucent door.
  7663 | D:9      | Found a large runed translucent door.
  7664 | D:9      | Noticed a naga warrior
  7708 | D:9      | Noticed a boulder beetle
  7735 | D:9      | Killed a boulder beetle
  8155 | D:9      | Noticed a two-headed ogre
  8163 | D:9      | Noticed a naga warrior
  8205 | D:9      | Identified a scroll of acquirement
  8206 | D:9      | Acquired 1068 gold pieces
  8216 | D:9      | Found an iron altar of Okawaru.
  8232 | D:9      | Killed a naga warrior
  8232 | D:9      | Killed a two-headed ogre
  8232 | D:9      | Reached ***** piety under Okawaru
  8257 | D:9      | Killed a naga warrior
  8267 | D:9      | Found an iron altar of Okawaru.
  8280 | D:9      | Identified the -4 pair of gloves of Roypo {rF+ rCorr
                  | Slay-2}
  8324 | D:10     | Entered Level 10 of the Dungeon
  8446 | D:10     | Noticed a two-headed ogre
  8458 | D:10     | Killed a two-headed ogre
  8458 | D:10     | Received a gift from Okawaru
  8459 | D:10     | Reached XP level 12. HP: 75/95 MP: 19/19
  8645 | D:10     | Reached skill level 12 in Axes
  8816 | D:10     | Noticed a two-headed ogre
  8827 | D:10     | Killed a two-headed ogre
  9519 | D:11     | Noticed a two-headed ogre
  9534 | D:11     | Killed a two-headed ogre
  9654 | D:11     | Reached skill level 10 in Fighting
  9994 | D:11     | Reached skill level 10 in Armour
 10264 | D:12     | Noticed a sun demon
 10421 | D:12     | Noticed a two-headed ogre
 10433 | D:12     | Killed a two-headed ogre
 10579 | D:12     | Noticed ders's ghost (journeyman GrEE)
 10580 | D:12     | Noticed a death knight
 10585 | D:12     | Noticed a skeletal warrior
 10641 | D:12     | Noticed a death knight
 10657 | D:12     | Found an ancient bone altar of Kikubaaqudgha.
 10670 | D:12     | Noticed a shadow wraith
 10720 | D:12     | Found a transporter.
 10741 | D:12     | Found a transporter.
 10806 | D:13     | Noticed a centaur warrior
 10824 | D:13     | Killed a centaur warrior
 10825 | D:13     | Reached XP level 13. HP: 65/104 MP: 19/21
 10838 | D:13     | Found a frozen archway.
 10920 | IceCv    | Entered an ice cave
 10922 | IceCv    | Found a transporter.
 10929 | IceCv    | Mangled by an anaconda simulacrum

Illustrated notes

Levels and vault maps discovered:
D:1:      dpeg_arrival_water_fire, layout_basic,
          shapermc_ecumenical_altar_ellora, serial_shops,
          nicolae_shop_behind_doors, minmay_misc_feat_iff, minmay_tromino_mix6
D:2:      layout_rooms, uniq_natasha
D:3:      layout_rooms
D:4:      minmay_general_purpose_star, layout_basic,
          mainiacjoe_overflow_alcove_4, hangedman_decor_clover_reticule,
          uniq_eustachio
D:5:      layout_basic, uniq_duvessa
D:6:      layout_rooms, minmay_temple_entry_statues_pillars,
          gammafunk_ghost_abyssal_escape
D:7:      layout_cave_pools, nicolae_elevator_lobby_asterisk, uniq_pikel,
          uniq_maggie
D:8:      layout_cave_pools, due_lair_maze_entry_diamond
D:9:      okawaru_arena_lexackson, layout_basic,
          kennysheep_orc_monster_closet_entryway
D:10:     layout_cave_pools, st_stairs_9, kennysheep_generic_room_3
D:11:     layout_loops_corners
D:12:     layout_big_octagon, gammafunk_ghost_mausoleum,
          lemuel_zombie_altar_kikubaaqudgha
D:13:     layout_rooms, grunt_vaults_entry_fortified, portal_ice_cave_entry_imps
Temple:   mainiacjoe_temple_hex_bubbles
IceCv:    ice_cave_statue_garden_transporter

Skill      XL: |  1  2  3  4  5  6  7  8  9 10 11 12 |
---------------+-------------------------------------+-----
Shields        | 4 5 6 7 9 |  9.2
Armour         | 4 5 6 7 8 9 10 | 10.7
Axes           | 3 4 6 7 9 10 11 12 | 12.9
Fighting       | 4 5 6 8 9 10 | 10.6
Invocations    | 1 4 5 7 8 |  8.7

Action                   |  1- 3 |  4- 6 |  7- 9 | 10-12 | 13-15 || total
-------------------------+-------+-------+-------+-------+-------++-------
Melee: War axe           |    89 |   123 |   270 |   625 |    36 ||  1143
Throw: Boomerang         |       |       |       |    19 |       ||    19
Invok: Heroism           |       |       |     2 |    11 |     1 ||    14
       Finesse           |       |       |       |     1 |     1 ||     2
 Abil: Dig               |       |       |       |     1 |       ||     1
  Use: Potion            |     2 |       |     8 |     5 |       ||    15
       Scroll            |       |    10 |     1 |     5 |       ||    16
Armor: Scale mail        |    37 |       |       |       |       ||    37
       Plate armour      |    15 |   102 |   251 |   336 |    27 ||   731
       Skin              |       |       |    19 |       |       ||    19
Dodge: Dodged            |    46 |    36 |   113 |   286 |    39 ||   520
Block: Buckler           |    26 |    22 |    78 |   189 |    16 ||   331

Table legend: (Time is in decaauts)
 A = Elapsed time spent in this place.
 B = Non-inter-level travel time spent in this place.
 C = Inter-level travel time spent in this place.
 D = Time resting spent in this place.
 E = Time spent auto-exploring this place.
 F = Levels seen in this place.
 G = Mean time per level.
                   A        B        C        D        E       F      G
               +--------+--------+--------+--------+--------+-----+--------+
         Total |  10924 |  10464 |    460 |    487 |   7561 |  15 |  728.3 |
       Dungeon |  10662 |  10251 |    411 |    487 |   7357 |  13 |  820.2 |
        Temple |    255 |    206 |     49 |      0 |    204 |   1 |  255.0 |
      Ice Cave |      7 |      7 |      0 |      0 |      0 |   1 |    7.0 |
               +--------+--------+--------+--------+--------+-----+--------+

Top non-repeatable levels by time:
     D:1: 1271 daAuts
     D:5: 1254 daAuts
     D:9: 1216 daAuts
    D:11: 1034 daAuts
     D:4: 973 daAuts
     D:2: 913 daAuts
    D:10: 776 daAuts
     D:7: 754 daAuts
     D:8: 660 daAuts
    D:12: 595 daAuts
     D:3: 572 daAuts
     D:6: 535 daAuts
  Temple: 255 daAuts
    D:13: 103 daAuts
   IceCv: 7 daAuts
